 Dungeon Crawl Stone Soup version 0.23.0 (webtiles) character file.

Game seed: 16124129899114506066

192 Mrkaede the Cudgeler (level 5, -1/33 HPs)
             Began as a Gargoyle Berserker on Feb 15, 2019.
             Was a Priest of Trog.
             Killed by divine providence
             ... invoked by an orc priest
              (15 damage)
             ... on level 4 of the Dungeon.
             The game lasted 00:05:35 (2628 turns).

Mrkaede the Cudgeler (Gargoyle Berserker)           Turns: 2628, Time: 00:05:36

Health: -1/33      AC: 12    Str: 22    XL:     5   Next: 71%
Magic:  5/5        EV: 10    Int:  7    God:    Trog [***...]
Gold:   142        SH:  4    Dex: 12    Spells: 4/4 levels left

rFire    . . .     SeeInvis .   a - +0 mace
rCold    . . .     Gourm    .   h - +0 buckler
rNeg     + . .     Faith    .   v - +0 scale mail
rPois    ∞         Spirit   .   (no helmet)
rElec    +         Reflect  .   (no cloak)
rCorr    .         Harm     .   (no gloves)
MR       .....                  n - +0 pair of boots
Stlth    ..........             (no amulet)
HPRegen  0.11/turn              p - +3 ring of dexterity
MPRegen  0.09/turn              (no ring)

@: berserk cooldown, slowed, very slow
A: negative energy resistance 1, electricity resistance, unbreathing,
petrification resistance, rot immunity, AC +4
a: Berserk, Trog's Hand, Renounce Religion


You were on level 4 of the Dungeon.
You worshipped Trog.
Trog was most pleased with you.
You were very hungry.

You visited 1 branch of the dungeon, and saw 4 of its levels.

You collected 142 gold pieces.

Inventory:

Hand Weapons
 a - a +0 mace (weapon)
Armour
 b - a +0 animal skin
 h - a +0 buckler (worn)
 j - a +0 leather armour
 n - a +0 pair of boots (worn)
 s - a +0 ring mail
 v - a +0 scale mail (worn)
Jewellery
 p - a +3 ring of dexterity (left hand)
Scrolls
 e - a scroll of magic mapping {unknown}
 i - 7 scrolls of identify {unknown}
 k - 3 scrolls of remove curse {unknown}
 q - a scroll of teleportation {unknown}
 r - a scroll of noise {unknown}
 t - a scroll of fear {unknown}
 w - a scroll of fog {unknown}
Potions
 d - a potion of flight {unknown}
 f - 2 potions of haste {unknown}
 g - 2 potions of heal wounds {unknown}
 l - a potion of might {unknown}
 m - 3 potions of cancellation {unknown}
 o - a potion of curing {unknown}
 u - a potion of agility {unknown}
 z - a potion of magic {unknown}
Comestibles
 c - 7 rations
 x - 7 chunks of flesh


   Skills:
 * Level 4.1 Fighting
 * Level 4.2 Maces & Flails
 + Level 0.2 Throwing
 * Level 3.2 Armour
 * Level 2.6 Dodging
 - Level 0.4 Stealth
 * Level 1.4 Shields


You had 4 spell levels left.
You didn't know any spells.
Your spell library was empty.

Dungeon Overview and Level Annotations

Branches:
Dungeon (4/15)
 Temple: D:4-7

Altars:


Innate Abilities, Weirdness & Mutations

You are resistant to torment.
Your stone body is resilient. (AC +4)
You are immune to poison.
You resist negative energy. (rN+)
You are resistant to electric shocks. (rElec)
You can survive without breathing.
You are immune to petrification.
You are immune to rotting.


Message History

You sock the orc!
You kill the orc!
Trog accepts your kill.
Items here: )) [ †† a +0 club; a +0 ring mail; a +0 club; an orc corpse x2
Butcher an orc corpse? [(y)es/(n)o/(a)ll/(q)uit/?]
Okay, then.
You feel a strong urge to attack something.
You feel your anger nearly subside.
You are no longer berserk.
You pass out from exhaustion.
You feel yourself slow down.
The orc priest looks encouraged for a moment.
The orc priest hits you but does no damage. x2
An orc comes into view. It is wielding a +0 mace.
The orc priest hits you but does no damage.
You can move again.
You hit the orc priest but do no damage.
The orc priest invokes the aid of Beogh against you.
Beogh smites you!
You die...

.......##.#.#.### #.#.#
#.)........< #.#.#
###.##.##.##
###.#.#####)##.##.#
####........##.##.##.#
.........##.##.##>##..
#.$.............###.
...#......)........<....
...o...@...#.##.######.#
...#..o#...#...... ..
#.#.#.######..... ..
..#.# ###### ... .....#
## ....### ..... #.#.#.


You could see an orc priest and an orc.

Vanquished Creatures
  An iguana (D:4)
  An orc wizard (D:4)
  A worker ant (D:4)
  2 adders
  An ooze (D:1)
  3 worms
  2 dart slugs
  A leopard gecko (D:3)
  4 orcs (D:4)
  A ball python (D:3)
  5 bats
  6 giant cockroaches
  14 goblins
  5 hobgoblins
  7 jackals
  4 frilled lizards
  6 kobolds
  10 rats
74 creatures vanquished.

Notes
Turn   | Place    | Note
-------+----------+-------------------------------------------
     0 | D:1      | Mrkaede the Gargoyle Berserker began the quest for the Orb.
     0 | D:1      | Reached XP level 1. HP: 14/14 MP: 1/1
    69 | D:1      | Reached XP level 2. HP: 9/19 MP: 2/2
   443 | D:1      | Reached XP level 3. HP: 24/24 MP: 3/3
   650 | D:1      | You fall through a shaft!
   683 | D:2      | Reached ** piety under Trog
   752 | D:2      | Reached XP level 4. HP: 29/29 MP: 4/4
  2249 | D:3      | Found a faded altar of an unknown god.
  2292 | D:4      | Reached XP level 5. HP: 20/33 MP: 5/5
  2413 | D:4      | Reached skill level 1 in Shields
  2463 | D:4      | Reached *** piety under Trog
  2628 | D:4      | Killed from afar by an orc priest

Skill      XL: |  1  2  3  4  5 |
---------------+----------------+-----
Dodging        | 2 |  2.6
Armour         | 3 |  3.2
Maces & Flails | 4 |  4.2
Shields        | 1 |  1.4
Fighting       | 4 |  4.1
Throwing       | |  0.2
Stealth        | |  0.4

Action                   |  1- 3 |  4- 6 || total
-------------------------+-------+-------++-------
Melee: Mace              |   107 |   186 ||   293
Invok: Berserk           |     1 |     2 ||     3
  Eat: Chunk             |     1 |     7 ||     8
Armor: Animal skin       |    25 |       ||    25
       Leather armour    |    35 |    14 ||    49
       Ring mail         |       |    35 ||    35
       Scale mail        |       |    55 ||    55
Dodge: Dodged            |    85 |    87 ||   172
Block: Buckler           |    13 |    20 ||    33
